 Dungeon Sprint DCSS version 0.29-a0-824-gd827844252 (webtiles) character file.

Game seed: 2040853661481417688

26857 jesse the Severer (level 13, -6/137 HPs)
             Began as a Hill Orc Monk on July 9, 2022.
             Mangled by an emperor scorpion (17 damage)
             ... summoned by a royal mummy
             ... in the Dungeon (Sprint V: "Ziggurat Sprint").
             The game lasted 00:14:04 (1358 turns).

jesse the Severer (Hill Orc Monk)                   Turns: 1358, Time: 00:14:04

Health: -6/137     AC: 33    Str: 31    XL:     13   Next: 28%
Magic:  0/14       EV:  7    Int: 13    God:
Gold:   0          SH: 32    Dex: 13    Spells: 12/12 levels left

rFire   . . .      SeeInvis +   a - +14 obsidian axe {vorpal, Mesm Drain Fly SInv}
rCold   . . .      Faith    .   B - +18 shield of the Gong {rElec rN+ Will+ EV-5}
rNeg    + . .      Spirit   +   D - +15 Maxwell's patent armour {-Cast -Tele rElec Will+ rCorr}
rPois   .          Reflect  .   T - +1 helmet {Int+3}
rElec   +          Harm     .   (no cloak)
rCorr   +          Rampage  .   (no gloves)
Will    ++...      NoTele   +   (no boots)
Stlth   .......... NoCast   +   R - amulet of guardian spirit
HPRegen 0.32/turn               w - +6 ring of strength
MPRegen 0.14/turn               x - +6 ring of strength

@: lethally poisoned (-6 -> -73), on berserk cooldown, flying, mesmerised,
slowed, very slow
A: no striking features
a: no special abilities


You were in the Dungeon.
You visited 1 branch

Inventory:

Hand Weapons
 a - the +14 obsidian axe (weapon) {vorpal, Mesm Drain Fly SInv}
   (You found it in the Dungeon)

   It inflicts extra damage upon your enemies.
   It occasionally summons demons to assist the wielder when it strikes in
   combat.
   Its wielder is mesmerised by any visible foes.
   It cannot be unequipped while any foes are visible.
   SInv:      It lets you see invisible.
   Fly:       It grants you flight.
   Drain:     It drains your maximum health when unequipped.
Armour
 B - the +18 shield of the Gong (worn) {rElec rN+ Will+ EV-5}
   (You found it in the Dungeon)

   It is deafeningly noisy when blocking attacks.
   EV:        It affects your evasion (-5).
   rElec:     It insulates you from electricity.
   rN:        It protects you from negative energy.
   Will:      It increases your willpower.
 C - +5 shadow dragon scales
 D - the +15 Maxwell's patent armour (worn) {-Cast -Tele rElec Will+ rCorr}
   (You found it in the Dungeon)

   rElec:     It insulates you from electricity.
   -Cast:     It prevents spellcasting.
   -Tele:     It prevents most forms of teleportation.
   rCorr:     It protects you from acid and corrosion.
   Will:      It increases your willpower.
 T - a +1 helmet of intelligence (worn)
Magical Staves
 H - a staff of conjuration
Jewellery
 r - a ring of flight
 s - a +6 ring of dexterity
 t - a +6 ring of dexterity
 u - a +6 ring of intelligence
 v - a +6 ring of intelligence
 w - a +6 ring of strength (left hand)
 x - a +6 ring of strength (right hand)
 G - a +4 ring of evasion
 I - a ring of resist corrosion
 J - a +6 ring of strength
 L - a +4 ring of protection
 N - an amulet of regeneration
 Q - a ring of see invisible
 R - an amulet of guardian spirit (around neck)
 S - an amulet of reflection
 V - an amulet of faith
Wands
 y - a wand of mindburst (7)
 z - a wand of iceblast (6)
 A - a wand of acid (7)
Scrolls
 h - 4 scrolls of blinking
 n - 4 scrolls of amnesia
 o - 6 scrolls of fog
 p - 5 scrolls of identify
 q - 2 scrolls of fear
 E - a scroll of brand weapon
 M - 4 scrolls of enchant armour
 U - 4 scrolls of enchant weapon
Potions
 b - a potion of ambrosia
 c - 8 potions of curing
 d - 3 potions of heal wounds
 e - 9 potions of haste
 f - 7 potions of magic
 i - 2 potions of brilliance
 j - a potion of invisibility
 k - 4 potions of resistance
 m - 4 potions of might
Miscellaneous
 l - a lightning rod (4/4)
 F - a phial of floods
 K - a piece from Xom's chessboard (15/15)
 O - a tin of tremorstones (2/2)
 P - a phantom mirror


   Skills:
 - Level 19.1 Fighting
 + Level 1.4(1.7) Short Blades
 + Level 1.4(1.9) Long Blades
 - Level 19.4 Axes
 - Level 1.1 Staves
 + Level 1.1 Throwing
 + Level 13.1 Armour
 * Level 12.7 Dodging
 - Level 6.7 Stealth
 - Level 16.9 Shields
 - Level 4.9 Unarmed Combat
 + Level 1.8 Invocations
 + Level 2.7 Evocations


You had 12 spell levels left.
You didn't know any spells.
Your spell library contained the following spells:

 Spells                   Type           Power      Damage    Failure   Level
 Foxfire                  Conj/Fire      0%         2x1d4     96%         1
 Sandblast                Erth           0%         2d4       96%         1
 Blink                    Tloc           0%         N/A       99%         2
 Scorch                   Fire           0%         2d5       99%         2
 Static Discharge         Conj/Air       0%         3-3/arc   99%         2
 Conjure Flame            Conj/Fire      0%         6-21      100%        3
 Lesser Beckoning         Tloc           0%         N/A       100%        3
 Anguish                  Hex/Necr       0%         N/A       100%        4
 Dispel Undead            Necr           0%         3d6       100%        4
 Fulminant Prism          Conj/Hex       0%         3d6       100%        4
 Ice Form                 Ice/Tmut       0%         N/A       100%        4
 Iskenderun's Mystic Bla  Conj/Tloc      0%         2d3       100%        4
 Petrify                  Tmut/Erth      0%         N/A       100%        4
 Summon Ice Beast         Ice/Summ       0%         N/A       100%        4
 Borgnjor's Vile Clutch   Necr/Erth      0%         N/A       100%        5
 Fireball                 Conj/Fire      0%         3d3       100%        5
 Freezing Cloud           Conj/Ice/Air   0%         6-21      100%        5
 Iskenderun's Battlesphe  Conj           0%         2d6       100%        5
 Lee's Rapid Deconstruct  Erth           0%         3d5*      100%        5
 Manifold Assault         Tloc           0%         N/A       100%        5
 Metabolic Englaciation   Hex/Ice        0%         N/A       100%        5
 Summon Forest            Summ/Tloc      0%         N/A       100%        5
 Summon Mana Viper        Hex/Summ       0%         N/A       100%        5
 Conjure Ball Lightning   Conj/Air       0%         3x3d6     100%        6
 Eringya's Noxious Bog    Tmut/Pois      0%         N/A       100%        6
 Simulacrum               Ice/Necr       0%         N/A       100%        6
 Statue Form              Tmut/Erth      0%         N/A       100%        6
 Monstrous Menagerie      Summ           0%         N/A       100%        7
 Orb of Destruction       Conj           0%         9d5       100%        7
 Summon Hydra             Summ           0%         N/A       100%        7
 Death's Door             Necr           0%         N/A       100%        9
 Fire Storm               Conj/Fire      0%         5d1       100%        9
 Polar Vortex             Ice            0%         N/A       100%        9


Dungeon Overview and Level Annotations

Branches:
Dungeon (1/1)

Altars:
Ashenzari
Cheibriados
Dithmenos
Elyvilon
Fedhas
Gozag
Hepliaklqana
Kikubaaqudgha
Makhleb
Nemelex Xobeh
Okawaru
Qazlal
Ru
Sif Muna
Trog
Uskayaw
Vehumet
Wu Jian
Xom
Yredelemnul
Zin
The Shining One
Beogh
Jiyva
Lugonu


Message History

GONNNNG!
The death scarab bites you but does no damage.
You block the guardian mummy's attack.
PTOANNNG!
The emperor scorpion stings you.
You are poisoned.
The emperor scorpion poisons you! The emperor scorpion barely misses you.
The emperor scorpion claws you.
The royal mummy calls on the powers of darkness!
Your body is wracked with pain!
* * * LOW HITPOINT WARNING * * *
The emperor scorpion convulses!
The guardian mummy hits you but does no damage.
The mummy hits you but does no damage.
Unknown command.
You feel much better.
You feel extremely sick. The death scarab closely misses you.
You block the death scarab's attack.
GONNNNG!
The death scarab bites you but does no damage.
You block the death scarab's attack.
PTOANNNG!
The death scarab bites you but does no damage.
The emperor scorpion stings you.
* * * LOW HITPOINT WARNING * * *
You are lethally poisoned!
The emperor scorpion poisons you!
The emperor scorpion claws you but does no damage. x2
The royal mummy calls on the powers of darkness!
Your body is wracked with pain!
* * * LOW HITPOINT WARNING * * *
The emperor scorpion convulses!
You block the death scarab's attack.
BONNNG!
The death scarab bites you!
* * * LOW HITPOINT WARNING * * *
The death scarab drains your vigour!
You feel as though you will be slow longer.
The death scarab draws strength from your injuries!
The emperor scorpion stings you!
You die...

▓...†....▓
▓..}|[[![[..▓.▓....▓.▓
▓...):)::)..▓...©....▓
▓...........▓▓▓▓▓▓▓▓▓▓
▓...........▓...8©8...
▓...........▓..}}.)...
▓...B.......▓...[[....
▓....Ms.....▓.........
▓..▓B@MB.▓..▓....†....
▓...BBM.....▓...††....
▓...§.©.....▓.........
▓▓▓▓▓▓▓▓▓▓▓▓▓.▓.....▓.
▓....8©8....▓....©....
▓...))[[}|..▓▓▓▓▓▓▓▓▓▓
▓....).)|...▓...8©8...
▓......)....▓..}:}.)..
▓.....÷.....▓...)"....


You could see a royal mummy, an emperor scorpion (summoned), a guardian mummy, 5
death scarabs and a mummy (mesmerising).

Vanquished Creatures
  An acid blob (D)
  A rockslime (D)
  A quicksilver ooze (D)
  A stone giant (D)
  A starcursed mass (D)
  A great orb of eyes (D)
  6 vault guards (D)
  A death scarab (D)
  3 wolf spiders (D)
  2 slime creatures (D)
  A naga mage (D)
  3 guardian mummies (D)
  A yaktaur (D)
  An ice devil (D)
  2 tarantellas (D)
  6 air elementals (D)
  A flying skull (D)
  An ushabti (D)
  A chaos spawn (D)
  A redback (D)
  A water moccasin (D)
  2 black bears (D)
  3 crimson imps (D)
  A mummy (D)
  A river rat (D)
  A shadow imp (D)
  An ufetubus (D)
  An endoplasm (D)
  A jackal (D)
  A ball python skeleton (D)
  A ball python zombie (D)
  A giant cockroach simulacrum (D)
  A quokka zombie (D)
52 creatures vanquished.

Vanquished Creatures (collateral kills)
  2 nagarajas (D)
  4 vault guards (D)
  A naga warrior (D)
  A naga mage (D)
  A vault sentinel (D)
  3 yaktaurs (D)
  A wind drake (D)
  A small abomination (D)
  2 air elementals (D)
  A yak (D)
  A chaos spawn (D)
  A naga (D)
  2 water moccasins (D)
  A hell hound (D)
  2 black bears (D)
  2 wolves (D)
  3 bullfrogs (D)
  A scorpion (D)
  A crimson imp (D)
  A quasit (D)
  A jelly (D)
  An iron imp (D)
  An adder (D)
  2 ufetubi (D)
  A bat skeleton (D)
  An endoplasm (D)
  2 ball pythons (D)
  A jackal skeleton (D)
  A lurking horror (D)
43 creatures vanquished.

Grand Total: 95 creatures vanquished

Notes
Turn   | Place    | Note
-------+----------+-------------------------------------------
     0 | D        | jesse the Hill Orc Monk began the quest for the Orb.
     0 | D        | Reached XP level 1. HP: 19/19 MP: 1/1
     0 | D        | Found a shimmering blue altar of Sif Muna.
     0 | D        | Found a sacrificial altar of Ru.
     0 | D        | Found a bloodstained altar of Trog.
     0 | D        | Found a stormy altar of Qazlal.
     0 | D        | Found an iron altar of Okawaru.
     0 | D        | Found a sparkling altar of Nemelex Xobeh.
     0 | D        | Found a blossoming altar of Fedhas.
     0 | D        | Found the +6 Majin-Bo {vamp, MP+6 Int+6}
     0 | D        | Found the +9 heavy crossbow "Sniper" {vorpal, Acc+∞ SInv}
     0 | D        | Found the +10 dark maul {vorpal}
     0 | D        | Found the +15 Maxwell's patent armour {-Cast -Tele rElec
                  | Will+ rCorr}
     0 | D        | Found the +18 shield of the Gong {rElec rN+ Will+ EV-5}
     0 | D        | Found the +14 obsidian axe {vorpal, Mesm Drain Fly SInv}
     0 | D        | Found the +7 great mace "Firestarter" {inner flame, rF++}
     0 | D        | Found the +6 shillelagh "Devastator" {shatter}
     0 | D        | Found the +11 plutonium sword {Contam Stlth-}
     0 | D        | Found the +8 lance "Wyrmbane" {slay drac, rPois rF+ rC+
                  | AC+3}
     0 | D        | Found the +9 sword of Zonguldrok {reap}
     0 | D        | Found the +13 scythe of Curses {drain, Drain}
     0 | D        | Found the +5 sword of Power {vorpal}
     0 | D        | Found the +7 mace of Variability {chain chaos}
     0 | D        | Found the +7 Singing Sword {vorpal, sonic wave}
     0 | D        | Found the +8 storm bow {elec, penet}
     2 | D        | Found a transporter.
     2 | D        | Found an ancient bone altar of Kikubaaqudgha.
     2 | D        | Found a viscous altar of Jiyva.
     2 | D        | Found a corrupted altar of Lugonu.
     2 | D        | Found a hazy altar of Hepliaklqana.
     2 | D        | Found a burning altar of Makhleb.
     2 | D        | Found an opulent altar of Gozag.
    78 | D        | Entered arena 2.
    78 | D        | Noticed a crimson imp
    78 | D        | Noticed a crimson imp
    78 | D        | Found a transporter.
    84 | D        | Killed a crimson imp
    85 | D        | Reached skill level 5 in Fighting
    85 | D        | Reached skill level 1 in Axes
    85 | D        | Reached skill level 1 in Shields
    85 | D        | Reached XP level 2. HP: 26/29 MP: 2/2
    85 | D        | Reached XP level 3. HP: 32/36 MP: 3/3
    87 | D        | Reached XP level 4. HP: 41/45 MP: 4/4
    98 | D        | Entered arena 3.
    98 | D        | Noticed a wolf
    98 | D        | Found a transporter.
   101 | D        | Killed a wolf
   102 | D        | Reached skill level 1 in Armour
   102 | D        | Reached skill level 5 in Dodging
   102 | D        | Reached XP level 5. HP: 51/53 MP: 5/5
   116 | D        | Entered arena 4.
   116 | D        | Noticed a hell hound
   116 | D        | Found a transporter.
   121 | D        | Killed a hell hound
   122 | D        | Reached skill level 5 in Axes
   122 | D        | Reached XP level 6. HP: 57/64 MP: 6/6
   132 | D        | Entered arena 5.
   132 | D        | Noticed a yak
   132 | D        | Found a transporter.
   134 | D        | Killed a yak
   135 | D        | Reached skill level 5 in Shields
   135 | D        | Reached XP level 7. HP: 69/74 MP: 7/7
   139 | D        | Got Sif Muna's Precepts of Incandescence and Unholy Arts
   144 | D        | Entered arena 6.
   144 | D        | Found a transporter.
   148 | D        | Reached XP level 8. HP: 80/83 MP: 8/8
   156 | D        | Entered arena 7.
   156 | D        | Noticed a vault sentinel
   156 | D        | Noticed a yaktaur
   156 | D        | Noticed a vault guard
   156 | D        | Noticed a great orb of eyes
   156 | D        | Noticed a yaktaur
   156 | D        | Noticed a vault guard
   157 | D        | Found a transporter.
   162 | D        | Killed a yaktaur
   163 | D        | Reached skill level 10 in Axes
   164 | D        | Killed a great orb of eyes
   165 | D        | Reached skill level 1 in Evocations
   165 | D        | Reached XP level 9. HP: 85/93 MP: 6/9
   165 | D        | Killed a yaktaur
   165 | D        | Killed a vault guard
   168 | D        | Killed a vault guard
   169 | D        | Reached skill level 15 in Axes
   169 | D        | Reached skill level 10 in Shields
   169 | D        | Reached XP level 10. HP: 83/103 MP: 6/10
   170 | D        | Killed a vault sentinel
   179 | D        | Got Beuko's Lectures on Frostbite and the Volcanoes
   192 | D        | Reached skill level 1 in Short Blades
   192 | D        | Reached skill level 1 in Long Blades
   192 | D        | Reached skill level 1 in Staves
   192 | D        | Reached skill level 1 in Throwing
   192 | D        | Reached skill level 5 in Armour
   192 | D        | Reached skill level 5 in Stealth
   192 | D        | Reached skill level 1 in Invocations
   192 | D        | Reached XP level 11. HP: 97/111 MP: 9/12
   196 | D        | Entered arena 8.
   197 | D        | Found a transporter.
   203 | D        | Noticed a sun demon
   217 | D        | Entered arena 9.
   217 | D        | Noticed a wolf spider
   217 | D        | Noticed a wolf spider
   217 | D        | Noticed a wolf spider
   218 | D        | Found a transporter.
   221 | D        | Killed a wolf spider
   222 | D        | Killed a wolf spider
   224 | D        | Killed a wolf spider
   225 | D        | Reached skill level 15 in Fighting
   239 | D        | Entered arena 10.
   239 | D        | Noticed a starcursed mass
   240 | D        | Found a transporter.
   250 | D        | Killed a starcursed mass
   256 | D        | Got the Tractate on Dusty Blasting
   259 | D        | Entered arena 11.
   259 | D        | Paralysed by an air elemental for 1 turns
   261 | D        | Paralysed by an air elemental for 1 turns
   266 | D        | Paralysed by an air elemental for 1 turns
   290 | D        | Found a transporter.
   587 | D        | Entered arena 12.
   587 | D        | Noticed a quicksilver ooze
   588 | D        | Noticed a rockslime
   588 | D        | Noticed an acid blob
   589 | D        | Found a transporter.
   593 | D        | Killed a quicksilver ooze
   601 | D        | Killed a rockslime
   602 | D        | Reached skill level 10 in Dodging
   602 | D        | Reached XP level 12. HP: 124/124 MP: 13/13
   606 | D        | Killed an acid blob
   930 | D        | Entered arena 13.
   930 | D        | Noticed a stone giant
   930 | D        | Noticed a vault guard
   930 | D        | Noticed a vault guard
   930 | D        | Noticed a vault guard
   930 | D        | Noticed a vault guard
   931 | D        | Identified the +4 quarterstaff of Purpose {freeze, Fly
                  | Int+4 Dex+4}
   931 | D        | Noticed a vault guard
   931 | D        | Noticed a vault guard
   931 | D        | Noticed a vault guard
   931 | D        | Noticed a vault guard
   932 | D        | Found a transporter.
   937 | D        | Killed a vault guard
   942 | D        | Killed a vault guard
   942 | D        | Killed a vault guard
   945 | D        | Killed a vault guard
   946 | D        | Reached skill level 15 in Shields
   946 | D        | Killed a vault guard
   947 | D        | Killed a vault guard
   948 | D        | Reached skill level 10 in Armour
   949 | D        | Killed a vault guard
   950 | D        | Killed a stone giant
   950 | D        | Killed a vault guard
   979 | D        | Entered arena 14.
   980 | D        | Noticed a nagaraja
   980 | D        | Noticed a naga warrior
   981 | D        | Noticed a nagaraja
   982 | D        | Found a transporter.
   990 | D        | Reached XP level 13. HP: 49/136 MP: 5/14
   991 | D        | Killed a nagaraja
   995 | D        | Killed a nagaraja
  1320 | D        | Got the Handbook of Silt and Conflagration
  1330 | D        | Entered arena 15.
  1331 | D        | Noticed a royal mummy
  1335 | D        | Noticed an emperor scorpion
  1358 | D        | Mangled by an emperor scorpion

Illustrated notes

Levels and vault maps discovered:
D:        sprint_v [room_start, room_1, room_2, room_3, room_4, room_5, room_6,
          room_7, room_8, room_9, room_10, room_11, room_12, room_13, room_14,
          room_15, room_16, room_17, room_18, room_19, room_20, room_21,
          room_22, room_23, room_24, room_25, room_26, room_27]

Skill      XL: |  1  2  3  4  5  6  7  8  9 10 11 12 13 |
---------------+----------------------------------------+-----
Fighting       | 5 6 8 9 11 12 13 14 16 18 19 | 19.1
Axes           | 1 3 5 7 9 12 15 19 | 19.4
Dodging        | 3 4 5 6 7 8 9 10 11 12 | 12.7
Stealth        | 2 3 4 5 6 |  6.7
Shields        | 1 2 4 5 6 8 10 13 16 | 16.9
Unarmed Combat | 4 |  4.9
Armour         | 1 2 3 4 5 6 11 13 | 13.1
Evocations     | 1 2 |  2.7
Short Blades   | 1 |  1.4
Long Blades    | 1 |  1.4
Staves         | 1 |  1.1
Throwing       | 1 |  1.1
Invocations    | 1 |  1.8

Action                   |  1- 3 |  4- 6 |  7- 9 | 10-12 | 13-15 || total
-------------------------+-------+-------+-------+-------+-------++-------
Melee: Broad axe         |     7 |     7 |    11 |    63 |    24 ||   112
Evoke: Wand              |       |       |     1 |       |       ||     1
  Use: Potion            |       |       |       |    10 |     6 ||    16
       Scroll            |       |       |       |       |     1 ||     1
 Stab: Distracted        |       |       |     1 |     6 |       ||     7
Armor: Plate armour      |     3 |     3 |     5 |    57 |    15 ||    83
Dodge: Dodged            |       |       |       |     5 |     4 ||     9
Block: Kite shield       |     9 |    16 |    20 |   102 |    47 ||   194

Table legend: (Time is in decaauts)
 A = Elapsed time spent in this place.
 B = Non-inter-level travel time spent in this place.
 C = Inter-level travel time spent in this place.
 D = Time resting spent in this place.
 E = Time spent auto-exploring this place.
 F = Levels seen in this place.
 G = Mean time per level.
                   A        B        C        D        E       F      G
               +--------+--------+--------+--------+--------+-----+--------+
         Total |   1350 |   1350 |      0 |    912 |     11 |   1 | 1350.0 |
       Dungeon |   1350 |   1350 |      0 |    912 |     11 |   1 | 1350.0 |
               +--------+--------+--------+--------+--------+-----+--------+

Top non-repeatable levels by time:
       D: 1350 daAuts
